 Dungeon Crawl Stone Soup version 0.22.0 (webtiles) character file.

457 CyclopB the Carver (level 7, -5/52 HPs)
             Began as a Barachi Monk on Dec 24, 2018.
             Was a Believer of Cheibriados.
             Slain by an ogre
             ... wielding a +0 giant club
              (12 damage)
             ... on level 5 of the Dungeon on Dec 25, 2018.
             The game lasted 00:39:01 (4582 turns).

CyclopB the Carver (Barachi Monk)                   Turns: 4582, Time: 00:39:02

Health: -5/52      AC:  5    Str: 18    XL:     7   Next: 6%
Magic:  7/7        EV: 15    Int: 15    God:    Cheibriados [**....]
Gold:   231        SH:  0    Dex: 21    Spells: 6/6 levels left

rFire    + . .     SeeInvis .   a - +0 falchion
rCold    . . .     Gourm    .   (no shield)
rNeg     . . .     Faith    .   g - +1 leather armour
rPois    .         Spirit   .   (no helmet)
rElec    .         Reflect  .   (no cloak)
rCorr    .         Harm     .   b - +0 pair of gloves
MR       .....                  (no boots)
Stlth    ++........             (no amulet)
HPRegen  0.17/turn              i - ring of protection from fire
MPRegen  0.10/turn              (no ring)

@: can't hop, very slow
A: +LOS, swims, slowness 1, strong legs 1
a: Hop, Bend Time, Renounce Religion


You were on level 5 of the Dungeon.
You worshipped Cheibriados.
Cheibriados was pleased with you.
You were not hungry.

You visited 1 branch of the dungeon, and saw 5 of its levels.

You collected 231 gold pieces.

Inventory:

Hand Weapons
 a - a +0 falchion (weapon)
 p - a +0 scimitar
Missiles
 h - 119 stones
 m - 42 arrows
 r - 3 javelins of penetration (quivered)
Armour
 b - a +0 pair of gloves (worn)
 g - a +1 leather armour (worn)
 s - a scarf of resistance
Jewellery
 i - a ring of protection from fire (left hand)
Wands
 e - a wand of polymorph (8)
Scrolls
 d - a scroll of random uselessness {unknown}
 j - a scroll of enchant weapon {unknown}
 k - a scroll of remove curse {unknown}
 n - 4 scrolls of enchant armour
 o - a scroll of teleportation {unknown}
Potions
 f - a potion of mutation {unknown}
 l - a potion of resistance {unknown}
 q - a potion of flight {unknown}
 t - a potion of degeneration {unknown}
Comestibles
 c - 13 rations


   Skills:
 - Level 3.6 Fighting
 - Level 8.0 Long Blades
 - Level 5.1 Dodging
 - Level 1.7 Stealth
 + Level 1.1 Invocations


You had 6 spell levels left.
You didn't know any spells.
Your spell library contained the following spells:

 Spells                   Type           Power        Failure   Level  Hunger
 Apportation              Tloc           #.....       32%         1    ##.....
 Invisibility             Hex            #.......     100%        6    #######
 Tukima's Dance           Hex            #.......     67%         3    ####...
 Summon Butterflies       Summ           #.......     32%         1    ##.....
 Alistair's Intoxication  Tmut/Pois      #.......     100%        5    ######.
 Lesser Beckoning         Tloc           #.........   67%         3    ####...


Dungeon Overview and Level Annotations

Branches:
Dungeon (5/15)
 Temple: D:4-7

Altars:
Cheibriados

Annotations:
D:3 Sigmund
D:4 Blork the orc


Innate Abilities, Weirdness & Mutations

Shadows flee at your approach. (+LOS)
You can swim through water.
You cover ground slowly.
You can hop short distances.


Message History

Unknown command.
You hit the ogre.
The ogre is heavily wounded.
You hit the ogre but do no damage.
The ogre is heavily wounded.
The ogre barely misses you.
You hit the ogre.
The ogre is severely wounded.
The ogre closely misses you.
You riposte.
You hit the ogre but do no damage.
The ogre is severely wounded.
You barely miss the ogre.
The ogre is severely wounded.
You hit the ogre.
The ogre is almost dead.
The ogre hits you with a giant club!
* * * LOW HITPOINT WARNING * * *
You barely miss the ogre.
The ogre is almost dead.
The ogre hits you with a giant club!
You die...

####..# .##
..(..# ..# ...(##
...# .....## #..#
#..>.#####..#
#..........#
##.........
#.....O..#.
##.##...@## #
##..##...<#
...####..##.....#
.............##.#
...........####.#
######....## ##.#
###### #..# #..#
#..# ####


You could see an ogre.

Vanquished Creatures
  A bullfrog zombie (D:3)
  A centaur skeleton (D:4)
  A hound (D:4)
  A bullfrog skeleton (D:4)
  An orc priest (D:4)
  2 orc wizards (D:4)
  Jessica (D:2)
  2 worker ants
  A mummy (D:4)
  4 gnolls (D:4)
  3 adders
  2 worms
  2 dart slugs (D:4)
  5 leopard geckos
  11 orcs
  4 giant cockroaches
  4 goblins
  7 hobgoblins
  A quokka (D:3)
  5 bats
  6 frilled lizards
  6 kobolds
  6 rats
77 creatures vanquished.

Vanquished Creatures (others)
  An orc wizard (D:4)
1 creature vanquished.

Grand Total: 78 creatures vanquished

Notes
Turn   | Place    | Note
-------+----------+-------------------------------------------
     0 | D:1      | CyclopB the Barachi Monk began the quest for the Orb.
     0 | D:1      | Reached XP level 1. HP: 18/18 MP: 1/1
   431 | D:1      | Reached skill level 4 in Long Blades
   431 | D:1      | Reached XP level 2. HP: 24/24 MP: 2/2
  1031 | D:2      | Noticed Jessica
  1048 | D:2      | Reached XP level 3. HP: 29/29 MP: 3/3
  1514 | D:2      | Killed Jessica
  1514 | D:2      | Reached skill level 5 in Long Blades
  1514 | D:2      | Reached XP level 4. HP: 27/36 MP: 4/4
  2034 | D:3      | Reached XP level 5. HP: 35/41 MP: 5/5
  2283 | D:3      | Noticed Sigmund
  2544 | D:3      | Reached skill level 6 in Long Blades
  3079 | D:4      | Found a snail-covered altar of Cheibriados.
  3169 | D:4      | Noticed Blork the orc
  3331 | D:4      | Reached XP level 6. HP: 43/47 MP: 6/6
  3344 | D:4      | Reached skill level 7 in Long Blades
  3360 | D:4      | Became a worshipper of Cheibriados the Contemplative
  3360 | D:4      | Reached * piety under Cheibriados
  3360 | D:4      | Reached ** piety under Cheibriados
  4120 | D:4      | Reached skill level 8 in Long Blades
  4196 | D:4      | Reached skill level 5 in Dodging
  4252 | D:4      | Reached skill level 1 in Invocations
  4252 | D:4      | Reached XP level 7. HP: 42/52 MP: 7/7
  4433 | D:5      | Entered Level 5 of the Dungeon
  4582 | D:5      | Slain by an ogre

Skill      XL: |  1  2  3  4  5  6 |
---------------+-------------------+-----
Long Blades    | 4 5 6 8 |  8.0
Dodging        | 4 5 |  5.1
Invocations    | 1 |  1.1
Fighting       | |  3.6
Stealth        | |  1.7

Action                   |  1- 3 |  4- 6 |  7- 9 || total
-------------------------+-------+-------+-------++-------
Melee: Falchion          |    67 |   215 |    30 ||   312
Throw: Stone             |     8 |    75 |    10 ||    93
       Javelin           |     1 |     7 |     1 ||     9
Invok: Bend Time         |       |     1 |       ||     1
 Abil: Hop               |     1 |     8 |     2 ||    11
Evoke: Wand              |       |     1 |       ||     1
  Use: Scroll            |       |     5 |       ||     5
       Potion            |       |     1 |       ||     1
 Stab: Sleeping          |     5 |     2 |     1 ||     8
       Distracted        |     1 |       |       ||     1
  Eat: Chunk             |     3 |     8 |       ||    11
Armor: Robe              |     1 |       |       ||     1
       Leather armour    |    11 |    36 |     1 ||    48
Dodge: Dodged            |    48 |   117 |    10 ||   175
       Rpst.: Falchion   |    19 |    33 |     3 ||    55
